AoeStats
← jasonpanex

Black Forest

510825178Analyzed
4v4 RM · 12h ago on Oct 2, 2026· 20m 52s· 8 players
Game mode
Random Map
Map size
Large (8 player)
Population
200
Speed
Normal
Resources
Standard
Victory
Conquest
Starting age
Dark Age
Ending age
Imperial Age
RankedLock teamsTeams togetherTeam positionsShared explorationLock speedFull tech treeHidden civsTurbo modeCheats
Victory
Defeat
🇫🇷 Italians · France
1190
+14
🇺🇸 Khmer · United States
1118
+17
🇨🇭 Tupi · Switzerland
1112
+17
🇵🇪 Persians · Peru
1081
+18
🇹🇼 Georgians · Taiwan
1184
-19
🇰🇬 Saxons · Kyrgyzstan
1146
-17
🇨🇳 Koreans · China
1132
-16
🇺🇸 Aztecs · United States
1087
-14
tugou
actions speak loudr than wololoo
2:07 Loom
13:43 Feudal Age
19:01 Castle Age
19:30 Double-Bit Axe
jasonpanex
1:20 Loom
14:53 Feudal Age
16:20 Double-Bit Axe
20:08 Castle Age
18:33 Fletching
21:19 Bow Saw
Te0n
6:04 Loom
11:04 Feudal Age
12:06 Double-Bit Axe
15:33 Castle Age
13:17 Horse Collar
16:38 Bow Saw
19:42 Wheelbarrow
19:34 Heavy Plow
Zizzle4879
12:32 Feudal Age
11:36 Loom
13:24 Horse Collar
16:54 Castle Age
15:05 Double-Bit Axe
18:43 Forging
18:40 Scale Barding Armor
18:53 Gold Mining
19:45 Stone Mining
pa echo
13:35 Feudal Age
14:14 Loom
18:48 Castle Age
tretts
0:47 Loom
11:41 Feudal Age
17:16 Castle Age
16:33 Double-Bit Axe
16:31 Horse Collar
16:45 Gold Mining
16:47 Stone Mining
16:51 Fletching
orb.blue
0:30 Loom
14:36 Feudal Age
18:29 Castle Age
16:44 Double-Bit Axe
17:55 Wheelbarrow
17:08 Horse Collar
19:59 Bow Saw
21:06 Heavy Plow
Connection lost

Rejoining the realm…

Still unreachable

The connection could not be restored.

Session expired

The server has moved on; the page needs a fresh start.